 Dungeon Crawl Stone Soup version 0.29.0-4-gdea44cf6ec (webtiles) character file.

Game seed: 12031938624315948550

1283 qw the Cleaver (level 8, 0/76 HPs)
             Began as a Gargoyle Berserker on Sept 6, 2022.
             Was a Believer of Trog.
             Slain by a wight
             ... wielding a +5 spear
              (4 damage)
             ... on level 6 of the Dungeon.
             The game lasted 00:01:55 (6431 turns).

qw the Cleaver (Gargoyle Berserker)                 Turns: 6431, Time: 00:01:56

Health: 0/76       AC: 14    Str: 24    XL:     8   Next: 54%
Magic:  8/8        EV: 10    Int:  7    God:    Trog [**....]
Gold:   176        SH:  0    Dex:  9    Spells: 7/7 levels left

rFire   . . .      SeeInvis .   i - +1 war axe
rCold   . . .      Faith    .   (no shield)
rNeg    + . .      Spirit   .   c - +0 scale mail
rPois   inf        Reflect  .   b - +0 helmet
rElec   +          Harm     .   k - +0 cloak
rCorr   .          Rampage  .   (no gloves)
Will    .....                   (no boots)
Stlth   ..........              m - amulet of regeneration
HPRegen 1.02/turn               (no ring)
MPRegen 0.11/turn               (no ring)

@: berserking (expiring), very quick
A: sickness immunity, AC +5, negative energy resistance 1, electricity
resistance, torment resistance 1, petrification resistance
a: Renounce Religion, Berserk, Trog's Hand


You were on level 6 of the Dungeon.
You worshipped Trog.
Trog was pleased with you.
You visited 1 branch of the dungeon, and saw 6 of its levels.
You also visited: Sewer.

You collected 176 gold pieces.


Innate Abilities, Weirdness & Mutations

You are immune to sickness and miasma.
Your stone body is resilient. (AC +5)
You are immune to poison.
You resist negative energy. (rN+)
You are resistant to electric shocks. (rElec)
You are resistant to unholy torment.
You are immune to petrification.


   Skills:
 - Level 6.0 Fighting
 + Level 8.0 Axes
 - Level 2.2 Throwing
 - Level 3.0 Armour
 - Level 1.5 Dodging


You had 7 spell levels left.
You didn't know any spells.
Your spell library was empty.

Inventory:

Hand Weapons
 g - a +0 mace
 i - a +1 war axe (weapon)
Missiles
 f - 3 boomerangs (quivered)
Armour
 b - a +0 helmet (worn)
 c - a +0 scale mail (worn)
 k - a +0 cloak (worn)
 o - a +2 leather armour of fire resistance
Jewellery
 m - an amulet of regeneration (around neck)
 s - a ring of protection from fire
Scrolls
 e - a scroll of identify
 n - 2 scrolls of teleportation
Potions
 a - a potion of cancellation {unknown}
 d - 2 potions of heal wounds
 h - a potion of might {unknown}
 j - a potion of flight {unknown}
 l - 4 potions of curing
 p - a potion of mutation {unknown}
 q - a potion of ambrosia {unknown}
 r - a potion of lignification {unknown}

Dungeon Overview and Level Annotations

Branches:
Dungeon (6/15)              Sewer (visited)
 Temple: D:4-7

Altars:
Ashenzari
Cheibriados
Dithmenos
Trog
Wu Jian

Annotations:
D:5 1 runed translucent door, Crazy Yiuf


Message History

Your Fighting skill increases to level 6!
You barely miss the killer bee. The killer bee closely misses you.
The wight hits you from afar with a +5 spear!
The killer bee stings you but does no damage.
You miss the killer bee.
The killer bee stings you but does no damage.
The wight barely misses you.
You closely miss the killer bee. You punch the killer bee.
The killer bee is lightly wounded.
The killer bee stings you.
You slash the killer bee!
The killer bee is almost dead.
The killer bee stings you.
The wight hits you from afar with a +5 spear.
The killer bee stings you!
You miss the killer bee.
The killer bee is almost dead.
The killer bee misses you. The wight hits you but does no damage.
You miss the killer bee.
The killer bee is almost dead.
The killer bee closely misses you. The killer bee stings you.
The wight closely misses you.
You miss the killer bee.
The killer bee is almost dead.
The killer bee stings you but does no damage.
The wight hits you but does no damage. The killer bee closely misses you.
You barely miss the killer bee.
The killer bee is almost dead.
The killer bee barely misses you.
You miss the killer bee.
The killer bee is almost dead.
The killer bee barely misses you.
The wight hits you from afar with a +5 spear.
The killer bee stings you but does no damage.
You barely miss the killer bee.
The killer bee is almost dead.
The killer bee closely misses you.
The wight hits you from afar with a +5 spear.
You die...

#.# #.# #.# ##########.#
#.# .
...........#####.#####..
########.##)............
........##)............
#######.##.............
#.##.............
#.##...(.@(......
#.####..#.yz....# #.#
#..#........ #.#
..¤.########. ..¤...
~¤~~~~~.. .¤~~~~~~.
8...¤¤~~.


You could see a killer bee and a wight.

Vanquished Creatures
  Menkaure (D:5)
  Edmund (D:5)
  An ogre (D:4)
  2 scorpions (D:4)
  4 wights (D:6)
  2 killer bees (D:6)
  4 hounds
  An orc priest (D:5)
  Natasha (thrice) (D:2)
  Terence (D:2)
  2 iguanas (D:5)
  An orc wizard (D:5)
  A hell rat (Sewer)
  3 gnolls (D:4)
  5 adders
  A river rat (Sewer)
  A worm (D:4)
  3 dart slugs
  2 orcs (D:5)
  7 bats
  3 endoplasms
  5 giant cockroaches
  13 hobgoblins
  10 jackals
  2 quokkas (D:1)
  10 ball pythons
  6 frilled lizards
  5 goblins
  5 kobolds
  15 rats
120 creatures vanquished.

Notes
Turn   | Place    | Note
-------+----------+-------------------------------------------
     0 | D:1      | qw the Gargoyle Berserker began the quest for the Orb.
     0 | D:1      | Reached XP level 1. HP: 14/14 MP: 1/1
     0 | D:1      | 0 ||| qw: Version: 0.1-a-108-g9e35731
     0 | D:1      | 0 ||| qw: Game counter: 6319
     0 | D:1      | 0 ||| qw: Always use a shield: true
     0 | D:1      | 0 ||| qw: Do Orc after D:15 true
     0 | D:1      | 0 ||| qw: Do second Lair branch before Depths: true
     0 | D:1      | 0 ||| qw: Lair rune preference: random
     0 | D:1      | 0 ||| qw: Plans: Normal
     0 | D:1      | 0 ||| PLANNING D:1-11
    28 | D:1      | 28 ||| INVOKING Berserk.
    28 | D:1      | HP: 5/21 [endoplasm (2)]
   355 | D:1      | 355 ||| Stepping ~*~*~tactically~*~*~ (stealth).
   361 | D:1      | 361 ||| INVOKING Berserk.
   363 | D:1      | Reached skill level 3 in Axes
   521 | D:1      | Reached XP level 2. HP: 14/19 MP: 2/2
   625 | D:1      | 625 ||| INVOKING Berserk.
   857 | D:1      | Found a faded altar of an unknown god.
  1095 | D:1      | Reached XP level 3. HP: 23/23 MP: 3/3
  1652 | D:1      | 1652 ||| READING scroll labelled DATAEMP BU USTRIU.
  1753 | D:1      | 1753 ||| READING scroll labelled OQIFOGGEZOI.
  1754 | D:1      | 1754 ||| DRINKING 2 glowing golden potions.
  1755 | D:1      | 1755 ||| DROPPING potion of degeneration.
  1838 | D:2      | Noticed Natasha
  1839 | D:2      | 1839 ||| Stepping ~*~*~tactically~*~*~ (hiding).
  1840 | D:2      | 1840 ||| Stepping ~*~*~tactically~*~*~ (hiding).
  1842 | D:2      | 1842 ||| INVOKING Berserk.
  1848 | D:2      | HP: 6/34 [Natasha (7)]
  1852 | D:2      | Killed Natasha
  1853 | D:2      | Reached skill level 1 in Throwing
  1853 | D:2      | Reached XP level 4. HP: 5/28 MP: 4/4
  2192 | D:2      | Noticed Terence
  2195 | D:2      | 2195 ||| INVOKING Berserk.
  2199 | D:2      | Killed Terence
  2200 | D:2      | Reached skill level 4 in Axes
  2355 | D:2      | Noticed Natasha
  2356 | D:2      | 2356 ||| Stepping ~*~*~tactically~*~*~ (stealth).
  2358 | D:2      | 2358 ||| Stepping ~*~*~tactically~*~*~ (hiding).
  2362 | D:2      | 2362 ||| INVOKING Berserk.
  2365 | D:2      | Killed Natasha
  2484 | D:2      | Reached XP level 5. HP: 32/32 MP: 5/5
  2516 | D:2      | Found a bloodstained altar of Trog.
  2612 | D:2      | Reached ** piety under Trog
  2698 | D:2      | Noticed Natasha
  2703 | D:2      | 2703 ||| Stepping ~*~*~tactically~*~*~ (stealth).
  2706 | D:2      | 2706 ||| Stepping ~*~*~tactically~*~*~ (stealth).
  2707 | D:2      | 2707 ||| Stepping ~*~*~tactically~*~*~ (stealth).
  2708 | D:2      | 2708 ||| Stepping ~*~*~tactically~*~*~ (stealth).
  2713 | D:2      | 2713 ||| INVOKING Berserk.
  2718 | D:2      | Killed Natasha
  2878 | D:2      | Reached skill level 5 in Axes
  2920 | D:2      | 2920 ||| Stepping ~*~*~tactically~*~*~ (stealth).
  3161 | D:2      | 3161 ||| UPGRADING to +0 scale mail.
  3171 | D:2      | 3171 ||| DROPPING +0 animal skin.
  3172 | D:2      | 3172 ||| UPGRADING to +0 cloak.
  3177 | D:2      | 3177 ||| UPGRADING to amulet of regeneration.
  3182 | D:2      | 3182 ||| READING 2 scrolls labelled NUJAIXT GUHUNE.
  3183 | D:2      | 3183 ||| READING scroll labelled KEWIUHOUH.
  3187 | D:2      | 3187 ||| DRINKING 2 metallic orange potions.
  3188 | D:2      | 3188 ||| DRINKING 2 metallic pink potions.
  3189 | D:2      | 3189 ||| DRINKING 2 coppery potions.
  3190 | D:2      | 3190 ||| DROPPING scroll of magic mapping.
  3191 | D:2      | 3191 ||| DROPPING potion of magic.
  3192 | D:2      | 3192 ||| DROPPING potion of attraction.
  3240 | D:3      | 3240 ||| Stepping ~*~*~tactically~*~*~ (stealth).
  3308 | D:3      | Found an ornate altar of the Wu Jian Council.
  3330 | D:3      | You fall into a shaft and drop 1 floor!
  3331 | D:4      | 3331 ||| PLANNING SEWER
  3340 | D:4      | 3340 ||| Stepping ~*~*~tactically~*~*~ (stealth).
  3341 | D:4      | 3341 ||| INVOKING Berserk.
  3350 | D:4      | Reached XP level 6. HP: 38/38 MP: 6/6
  3603 | D:4      | 3603 ||| INVOKING Berserk.
  3778 | D:4      | 3778 ||| Stepping ~*~*~tactically~*~*~ (stealth).
  3793 | D:4      | Reached skill level 6 in Axes
  3887 | D:4      | 3887 ||| Stepping ~*~*~tactically~*~*~ (stealth).
  3899 | D:4      | Found a glowing drain.
  3902 | D:4      | 3902 ||| READING scroll labelled MERAES ADIAC.
  3903 | D:4      | 3903 ||| READING scroll labelled HIEBEZXU YDEST.
  3904 | D:4      | 3904 ||| READING scroll labelled DEWNEU WIETA.
  3916 | Sewer    | Entered a sewer
  3950 | Sewer    | 3950 ||| Stepping ~*~*~tactically~*~*~ (water).
  3982 | Sewer    | 3982 ||| INVOKING Berserk.
  4118 | Sewer    | 4118 ||| DRINKING 3 yellow potions.
  4119 | Sewer    | 4119 ||| DRINKING 2 brown potions.
  4120 | Sewer    | 4120 ||| DROPPING 2 potions of invisibility.
  4125 | D:4      | 4125 ||| PLANNING D:1-11
  4295 | D:3      | Reached XP level 7. HP: 43/43 MP: 7/7
  4414 | D:3      | 4414 ||| READING 2 scrolls labelled YTANLOCESCH.
  4415 | D:3      | 4415 ||| DROPPING scroll of fear.
  4592 | D:4      | 4592 ||| Stepping ~*~*~tactically~*~*~ (stealth).
  4841 | D:4      | 4841 ||| UPGRADING to +0 helmet.
  4858 | D:5      | Entered Level 5 of the Dungeon
  4858 | D:5      | Noticed Menkaure
  4859 | D:5      | 4859 ||| Stepping ~*~*~tactically~*~*~ (hiding).
  4863 | D:5      | 4863 ||| INVOKING Berserk.
  4872 | D:5      | Killed Menkaure
  4873 | D:5      | Reached skill level 7 in Axes
  5003 | D:5      | Found a bloodstained altar of Trog.
  5053 | D:5      | 5053 ||| INVOKING Berserk.
  5063 | D:5      | Reached *** piety under Trog
  5310 | D:5      | Noticed Edmund
  5314 | D:5      | 5314 ||| INVOKING Berserk.
  5331 | D:5      | Killed Edmund
  5332 | D:5      | Reached XP level 8. HP: 51/51 MP: 8/8
  5564 | D:5      | 5564 ||| FLEEEEING.
  5565 | D:5      | 5565 ||| FLEEEEING.
  5566 | D:5      | 5566 ||| STAIRDANCE
  5668 | D:4      | 5668 ||| DROPPING orb of energy.
  5706 | D:5      | Found a snail-covered altar of Cheibriados.
  5730 | D:5      | Reached skill level 3 in Armour
  5789 | D:5      | Found a runed translucent door.
  5789 | D:5      | Noticed Crazy Yiuf
  6016 | D:5      | Found a broken altar of Ashenzari.
  6020 | D:5      | Saw a vision of the Swamp and the Spider Nest.
  6020 | D:5      | Noticed an entropy weaver
  6020 | D:5      | Noticed a culicivora
  6020 | D:5      | Noticed a culicivora
  6020 | D:5      | Noticed a jumping spider
  6020 | D:5      | Noticed a demonic crawler
  6020 | D:5      | Noticed a tarantella
  6020 | D:5      | Noticed a jumping spider
  6020 | D:5      | Noticed a goliath frog
  6020 | D:5      | Noticed an alligator
  6021 | D:5      | Noticed a steelbarb worm
  6022 | D:5      | Noticed a goliath frog
  6022 | D:5      | Noticed a bog body
  6174 | D:6      | 6174 ||| PLANNING OSSUARY
  6259 | D:6      | 6259 ||| Stepping ~*~*~tactically~*~*~ (stealth).
  6277 | D:6      | 6277 ||| INVOKING Berserk.
  6409 | D:6      | 6409 ||| SWAPPING to +1 war axe.
  6410 | D:6      | 6410 ||| DROPPING +0 hand axe.
  6413 | D:6      | Found a shadowy altar of Dithmenos.
  6419 | D:6      | 6419 ||| INVOKING Berserk.
  6421 | D:6      | Reached skill level 8 in Axes
  6422 | D:6      | Reached skill level 6 in Fighting
  6425 | D:6      | HP: 17/76 [wight/+5 spear (3)]
  6427 | D:6      | HP: 7/76 [killer bee (5)]
  6430 | D:6      | HP: 3/76 [wight/+5 spear (6)]
  6431 | D:6      | Slain by a wight

Levels and vault maps discovered:
D:1:      minmay_arrival_three_doors, layout_basic,
          shapermc_ecumenical_altar_mp_ritualfount, dk_noncrumbling_2
D:2:      minmay_chambers_of_ones, layout_basic, basic_altar, uniq_terence,
          uniq_natasha
D:3:      layout_rooms, nicolae_wu_jian_immortal_techniques
D:4:      layout_basic, portal_sewer_entry_b
D:5:      layout_basic, mainiacjoe_overflow_boulevard, grunt_ashenzari_visionary
          [grunt_ashenzari_visionary_swamp, grunt_ashenzari_visionary_spider],
          mainiacjoe_overflow_six_doors_small, uniq_crazy_yiuf_cottage,
          uniq_menkaure, uniq_edmund
D:6:      layout_basic, mainiacjoe_overflow_catwalk,
          mainiacjoe_overflow_concentric_impassable, enter_ossuary_2,
          serial_shops, nicolae_shop_bloodbath_and_beyond

Skill      XL: |  1  2  3  4  5  6  7  8 |
---------------+-------------------------+-----
Axes           | 3 4 5 6 7 8 |  8.0
Throwing       | 1 2 |  2.2
Fighting       | 4 5 6 |  6.0
Armour         | 3 |  3.0
Dodging        | |  1.5

Action                   |  1- 3 |  4- 6 |  7- 9 || total
-------------------------+-------+-------+-------++-------
Melee: Hand axe          |    84 |   102 |   165 ||   351
       Punch             |     1 |     1 |     2 ||     4
       War axe           |       |       |    15 ||    15
Throw: Javelin           |     6 |    38 |    14 ||    58
       Boomerang         |       |     4 |     5 ||     9
Invok: Berserk           |     4 |     6 |     5 ||    15
  Use: Scroll            |     2 |     5 |     1 ||     8
       Potion            |     1 |     5 |       ||     6
Armor: Animal skin       |    25 |    10 |       ||    35
       Scale mail        |       |    20 |    83 ||   103
Dodge: Dodged            |    64 |    47 |    89 ||   200

Table legend:
 A = Non-vault XP
 B = Vault XP
 C = Vault XP percentage of total XP
 D = Non-vault monster count
 E = Vault monster count
 F = Vault count percentage of total count
                 A         B        C        D         E       F
            +---------+---------+-------+---------+---------+-------
      Total |    1342 |     491 |  26.8 |      98 |      22 |  18.3
            +---------+---------+-------+---------+---------+-------
        D:1 |      42 |       0 |   0.0 |      27 |       0 |   0.0
        D:2 |     114 |      91 |  44.4 |      18 |       7 |  28.0
        D:3 |      39 |       0 |   0.0 |      17 |       0 |   0.0
        D:4 |     409 |      11 |   2.6 |      17 |       4 |  19.0
        D:5 |     312 |     336 |  51.9 |      13 |       2 |  13.3
        D:6 |     426 |       0 |   0.0 |       6 |       0 |   0.0
      Sewer |       0 |      53 | 100.0 |       0 |       9 | 100.0
            +---------+---------+-------+---------+---------+-------
